[Event "Titled Tuesday Blitz November 01 Late 2022"]
[White "Abdyzhapar, Asylbek"]
[Black "Ansh M Shah"]
[WhiteFideId "13800337"]
[BlackFideId "25033379"]
[WhiteElo "2323"]
[BlackElo "2084"]
[Result "1-0"]
[Round "01"]
[TimeControl "180+1"]
[Date "2022.11.02"]
[WhiteClock "0:02:20"]
[BlackClock "0:01:29"]

1. e4 c6 2. Nf3 d5 3. d3 dxe4 4. dxe4 Qxd1+ 5. Kxd1 Nf6 6. Nfd2 e5 7. f3 h5 8. a4 g5 9. Na3 g4 10. Nac4 Nbd7 11. c3 Bh6 12. Kc2 Ke7 13. b3 c5 14. a5 Ke6 15. b4 h4 16. Nb3 h3 17. Bxh6 Rxh6 18. fxg4 hxg2 19. Bxg2 Nxg4 20. h3 Ngf6 21. Rad1 b5 22. Nd6 cxb4 23. cxb4 a6 24. h4 Ke7 25. Nf5+ 1-0


[Site "https://www.chess.com"]

[Event "Titled Tuesday Blitz November 01 Late 2022"]
[White "Aghasiyev, Kamal"]
[Black "Polster, Christian"]
[WhiteFideId "13402854"]
[BlackFideId "12965081"]
[WhiteElo "2341"]
[BlackElo "2209"]
[Result "1-0"]
[Round "01"]
[TimeControl "180+1"]
[Date "2022.11.02"]
[WhiteClock "0:01:39"]
[BlackClock "0:00:02"]

1. d4 d5 2. c4 e6 3. Nc3 c6 4. Nf3 dxc4 5. a4 Bb4 6. g3 b5 7. Bg2 Bb7 8. O-O a6 9. Bg5 Nf6 10. Ne5 Qb6 11. Qc2 h6 12. Bf4 Nbd7 13. Rfd1 O-O 14. Ne4 Rfd8 15. b3 cxb3 16. Qxb3 Be7 17. a5 Qa7 18. Ng6 fxg6 19. Qxe6+ Kf8 20. Nd6 Bxd6 21. Bxd6# 1-0


[Site "https://www.chess.com"]

[Event "Titled Tuesday Blitz November 01 Late 2022"]
[White "Aizpurua, Patrick Emilio"]
[Black "Curtis, John"]
[WhiteFideId "6600522"]
[BlackFideId "3200256"]
[WhiteElo "2378"]
[BlackElo "2203"]
[Result "1-0"]
[Round "01"]
[TimeControl "180+1"]
[Date "2022.11.02"]
[WhiteClock "0:01:20"]
[BlackClock "0:00:10"]

1. d4 Nf6 2. c4 e6 3. Nf3 d5 4. g3 Be7 5. Bg2 O-O 6. O-O Bd7 7. Ne5 Bc6 8. e3 dxc4 9. Nxc6 Nxc6 10. Qa4 Nd5 11. Qxc4 a6 12. Rd1 Qd7 13. Qe2 Bd6 14. e4 Nb6 15. Nc3 Rfe8 16. e5 Bb4 17. f4 Bxc3 18. bxc3 Na5 19. g4 Qb5 20. Qf3 c6 21. f5 exf5 22. gxf5 Nd5 23. f6 Kh8 24. fxg7+ Kg8 25. Rf1 Re7 26. Bg5 Rd7 27. Bh3 c5 28. e6 1-0


[Site "https://www.chess.com"]

[Event "Titled Tuesday Blitz November 01 Late 2022"]
[White "Ambartsumova, Karina"]
[Black "Rose, Felix"]
[WhiteFideId "4166299"]
[BlackFideId "5105722"]
[WhiteElo "2299"]
[BlackElo "2039"]
[Result "1-0"]
[Round "01"]
[TimeControl "180+1"]
[Date "2022.11.02"]
[WhiteClock "0:01:44"]
[BlackClock "0:01:34"]

1. d4 d5 2. c4 e6 3. Nc3 Nf6 4. cxd5 exd5 5. Bg5 c6 6. e3 Be7 7. Bd3 Nbd7 8. Qc2 h6 9. Bh4 Nh5 10. Bxe7 Qxe7 11. Nge2 Nb6 12. O-O-O Be6 13. Kb1 O-O-O 14. Rc1 Kb8 15. Na4 Nxa4 16. Qxa4 Rc8 17. Rc3 c5 18. dxc5 Rxc5 19. Rxc5 Qxc5 20. Rc1 Qb6 21. Nd4 Rc8 22. Rxc8+ Bxc8 23. Qe8 Qf6 24. Bf5 1-0


[Site "https://www.chess.com"]

[Event "Titled Tuesday Blitz November 01 Late 2022"]
[White "Araujo Sanchez, Josue"]
[Black "Roque Sola, Jose Luis"]
[WhiteFideId "6416896"]
[BlackFideId "5120390"]
[WhiteElo "2370"]
[BlackElo "2117"]
[Result "1-0"]
[Round "01"]
[TimeControl "180+1"]
[Date "2022.11.02"]
[WhiteClock "0:00:19"]
[BlackClock "0:00:09"]

1. Nf3 Nf6 2. g3 g6 3. Bg2 Bg7 4. O-O O-O 5. d4 d5 6. c4 c6 7. Nc3 Na6 8. b3 Bd7 9. Bb2 Qc8 10. Re1 Bh3 11. Bh1 h6 12. Rc1 Qd8 13. Ne5 Ng4 14. Nxg4 Bxg4 15. cxd5 cxd5 16. Nxd5 e6 17. Ne3 Bh3 18. Bxb7 Nb4 19. Rc4 Nxa2 20. Bxa8 Qxa8 21. Qa1 f5 22. d5 Bxb2 23. Qxb2 f4 24. gxf4 exd5 25. Rc7 Rf7 26. Rxf7 Kxf7 27. Qxa2 d4 28. Ra1 dxe3 29. Qxa7+ Qxa7 30. Rxa7+ Kf6 31. fxe3 1-0


[Site "https://www.chess.com"]

[Event "Titled Tuesday Blitz November 01 Late 2022"]
[White "Ardila, Oscar Humberto"]
[Black "Mustafayev, Farid"]
[WhiteFideId "4404742"]
[BlackFideId "13408771"]
[WhiteElo "1898"]
[BlackElo "2192"]
[Result "0-1"]
[Round "01"]
[TimeControl "180+1"]
[Date "2022.11.02"]
[WhiteClock "0:01:13"]
[BlackClock "0:01:52"]

1. d4 d5 2. c4 dxc4 3. Qa4+ c6 4. Qxc4 Nf6 5. Nf3 Bf5 6. Nc3 e6 7. Bg5 Be7 8. e3 Nbd7 9. Be2 h6 10. Bh4 O-O 11. O-O Nd5 12. Bxe7 Qxe7 13. a3 Rac8 14. Rac1 a6 15. Qb3 b5 16. Rfd1 Nxc3 17. Rxc3 c5 18. Rdc1 c4 19. Qa2 Nb6 20. Bd1 Nd5 21. R3c2 Bxc2 22. Bxc2 b4 23. Be4 b3 24. Qb1 c3 25. Bxd5 c2 26. Qa1 exd5 27. Ne5 a5 28. a4 Qb4 29. Nd7 Rfd8 30. Nc5 Rxc5 31. dxc5 Qxc5 32. Re1 d4 33. exd4 Qxd4 34. h3 Qd1 35. Kh2 Qxa1 36. Rxa1 Rd1 0-1


[Site "https://www.chess.com"]

[Event "Titled Tuesday Blitz November 01 Late 2022"]
[White "Aydin, Gulenay"]
[Black "Zierk, Steven"]
[WhiteFideId "34557431"]
[BlackFideId "2034255"]
[WhiteElo "2009"]
[BlackElo "2494"]
[Result "0-1"]
[Round "01"]
[TimeControl "180+1"]
[Date "2022.11.01"]
[WhiteClock "0:00:20"]
[BlackClock "0:00:47"]

1. e4 e6 2. d4 d5 3. Nd2 c5 4. Ngf3 cxd4 5. Nxd4 Nc6 6. Bb5 Bd7 7. Nxc6 bxc6 8. Bd3 Qc7 9. Qe2 Ne7 10. O-O Ng6 11. Nf3 Be7 12. c4 dxe4 13. Qxe4 f5 14. Qe2 e5 15. Bc2 e4 16. Nd4 O-O 17. c5 Kh8 18. b4 a5 19. bxa5 Bxc5 20. Nb3 Bd6 21. h3 Rae8 22. Re1 f4 23. Qh5 Rf5 24. Qd1 Rd5 25. Qe2 f3 26. Qc4 Bh2+ 27. Kh1 fxg2+ 28. Kxg2 Nh4+ 29. Kf1 Bxh3+ 30. Ke2 Qf7 0-1


[Site "https://www.chess.com"]

[Event "Titled Tuesday Blitz November 01 Late 2022"]
[White "Azarov, Sergei"]
[Black "Golubova, Anna"]
[WhiteFideId "13501470"]
[BlackFideId "24173606"]
[WhiteElo "2494"]
[BlackElo "2047"]
[Result "1-0"]
[Round "01"]
[TimeControl "180+1"]
[Date "2022.11.02"]
[WhiteClock "0:00:28"]
[BlackClock "0:00:22"]

1. e4 g6 2. d4 Bg7 3. Nf3 d6 4. Nc3 Nd7 5. Be3 Ngf6 6. Qd2 a6 7. Bh6 Bxh6 8. Qxh6 b5 9. e5 b4 10. exf6 bxc3 11. bxc3 Nxf6 12. Bd3 Bb7 13. O-O Bxf3 14. gxf3 Qd7 15. Rfe1 Qc6 16. Qg7 O-O-O 17. Rab1 Qxf3 18. Rxe7 Qg4+ 19. Kf1 Qh3+ 20. Ke1 Rde8 21. Qxf6 Qxh2 22. Bxa6+ Kd8 23. Rb8# 1-0


[Site "https://www.chess.com"]

[Event "Titled Tuesday Blitz November 01 Late 2022"]
[White "Babazada, Khazar"]
[Black "Sivakumar, Shaaketh"]
[WhiteFideId "13413554"]
[BlackFideId "30940176"]
[WhiteElo "2367"]
[BlackElo "2174"]
[Result "1-0"]
[Round "01"]
[TimeControl "180+1"]
[Date "2022.11.02"]
[WhiteClock "0:00:29"]
[BlackClock "0:00:21"]

1. c4 e6 2. Nf3 b6 3. Nc3 Bb7 4. e3 Nf6 5. Be2 Bb4 6. Qc2 O-O 7. a3 Bxc3 8. Qxc3 d6 9. b4 Nbd7 10. Bb2 Qe7 11. h4 e5 12. h5 Ne4 13. Qc2 h6 14. Nh4 Qg5 15. Bf3 d5 16. cxd5 Nef6 17. Qf5 e4 18. Bxe4 Nxe4 19. Qxe4 Bxd5 20. Qf5 c5 21. Qxg5 hxg5 22. Nf5 Bxg2 23. Rg1 Be4 24. Rxg5 Bxf5 25. Rxg7+ Kh8 26. Rxf7+ Nf6 27. Bxf6+ Kg8 28. Rg7+ Kh8 29. Bc3 cxb4 30. axb4 Rac8 31. Rgxa7+ Kg8 32. Rg7+ Kh8 33. Rg1+ Kh7 34. Ra7+ Kh6 35. f4 Rg8 36. Bg7+ Kxh5 37. Rg5+ Kh4 38. Rxf5 Kg4 39. Rg5+ Kf3 40. Bc3 Rh8 41. Kd1 Rhd8 42. Kc2 Rc4 43. f5 Ke2 44. Kb3 Rc6 45. f6 Kd1 46. Rg2 b5 47. Ra1# 1-0


[Site "https://www.chess.com"]

[Event "Titled Tuesday Blitz November 01 Late 2022"]
[White "Barash, Anton"]
[Black "Pinheiro, Iung Alicio de O."]
[WhiteFideId "30935229"]
[BlackFideId "2104350"]
[WhiteElo "2247"]
[BlackElo "2283"]
[Result "0-1"]
[Round "01"]
[TimeControl "180+1"]
[Date "2022.11.02"]
[WhiteClock "0:00:03"]
[BlackClock "0:00:11"]

1. e4 c5 2. Nf3 Nc6 3. d4 cxd4 4. Nxd4 e5 5. Nb5 d6 6. N1c3 a6 7. Na3 b5 8. Nd5 Nge7 9. c4 Nxd5 10. exd5 Nd4 11. Be3 Nf5 12. cxb5 Nxe3 13. fxe3 Qh4+ 14. Kd2 Qb4+ 15. Kc1 Bf5 16. Qd2 Rc8+ 17. Kd1 Qa4+ 18. Ke1 Be7 19. bxa6 O-O 20. Be2 Bh4+ 21. g3 Qe4 22. Rf1 Bg5 23. Bf3 Qa4 24. h4 Bh6 25. Kf2 Bh3 26. Rfc1 Qxa6 27. g4 g6 28. Kg3 e4 29. Bxe4 Rce8 30. Rc4 f5 31. gxf5 Bxf5 32. Bxf5 Rxe3+ 33. Kh2 Rh3+ 34. Kxh3 Bxd2 35. Be6+ Kg7 36. Rc7+ Kh6 37. Nc4 Rf3+ 38. Kg2 Rf4 39. Nxd2 Qe2+ 40. Kg3 Qf2+ 41. Kh3 Rxh4# 0-1


[Site "https://www.chess.com"]

[Event "Titled Tuesday Blitz November 01 Late 2022"]
[White "Barria Zuniga, Daniel"]
[Black "Lazavik, Denis"]
[WhiteFideId "3400816"]
[BlackFideId "13515110"]
[WhiteElo "2414"]
[BlackElo "2437"]
[Result "0-1"]
[Round "01"]
[TimeControl "180+1"]
[Date "2022.11.01"]
[WhiteClock "0:00:14"]
[BlackClock "0:00:36"]

1. c4 e5 2. g3 f5 3. Bg2 Nf6 4. Nc3 d6 5. Nh3 Be7 6. O-O O-O 7. d3 c6 8. b4 Qe8 9. b5 Kh8 10. bxc6 bxc6 11. Ba3 Be6 12. Rb1 d5 13. Bxe7 Qxe7 14. cxd5 cxd5 15. Qa4 Bg8 16. Rfc1 e4 17. Nb5 Nbd7 18. Nc7 Rac8 19. Qxa7 Qe5 20. a4 Rf7 21. a5 Nf8 22. Rb7 Ne6 23. d4 Qd6 24. Qb6 Qd8 25. Qxe6 Rfxc7 26. Rcxc7 Bxe6 27. Rxg7 Rc1+ 28. Bf1 Qxa5 29. Ng5 Qe1 0-1


[Site "https://www.chess.com"]

[Event "Titled Tuesday Blitz November 01 Late 2022"]
[White "Bartel, Mateusz"]
[Black "Golubovskis, Maksims"]
[WhiteFideId "1112635"]
[BlackFideId "11608528"]
[WhiteElo "2530"]
[BlackElo "2191"]
[Result "1-0"]
[Round "01"]
[TimeControl "180+1"]
[Date "2022.11.02"]
[WhiteClock "0:01:08"]
[BlackClock "0:00:03"]

1. Nf3 Nf6 2. c4 c5 3. g3 g6 4. Bg2 Bg7 5. O-O O-O 6. Nc3 Nc6 7. d4 cxd4 8. Nxd4 d6 9. Nc2 Be6 10. Ne3 Ng4 11. Nxg4 Bxg4 12. Qd2 Rc8 13. b3 b5 14. h3 b4 15. Nd5 Bxa1 16. hxg4 e6 17. Nxb4 Nxb4 18. Qxb4 Qb6 19. Qxb6 axb6 20. Be3 Be5 21. Bxb6 Rb8 22. Be3 Rfd8 23. Rd1 Kf8 24. Bf3 f5 25. Kg2 Kg7 26. g5 Rbc8 27. a4 d5 28. cxd5 Rc3 29. b4 Rc4 30. Bc5 exd5 31. Rxd5 Rxd5 32. Bxd5 Rc2 33. a5 Rxe2 34. a6 Bb8 35. a7 Bxa7 36. Bxa7 Re5 37. Bd4 1-0


[Site "https://www.chess.com"]

[Event "Titled Tuesday Blitz November 01 Late 2022"]
[White "Bayo Milagro, Alvaro"]
[Black "Ali Abdullahi, Farah"]
[WhiteFideId "22275240"]
[BlackFideId "16100212"]
[WhiteElo "2270"]
[BlackElo "2300"]
[Result "1-0"]
[Round "01"]
[TimeControl "180+1"]
[Date "2022.11.02"]
[WhiteClock "0:00:35"]
[BlackClock "0:00:33"]

1. e4 e6 2. d4 d5 3. Nd2 Nf6 4. e5 Nfd7 5. Bd3 c5 6. c3 Nc6 7. Ngf3 Be7 8. O-O g5 9. dxc5 Ncxe5 10. Nxe5 Nxe5 11. Bb5+ Bd7 12. Bxd7+ Qxd7 13. Nb3 h5 14. f4 gxf4 15. Bxf4 Ng6 16. Qd2 Rc8 17. Be3 Rg8 18. Qf2 Bh4 19. Qf3 Bd8 20. Qxh5 Bc7 21. g3 Rh8 22. Qf3 e5 23. Rae1 Rh7 24. Re2 e4 25. Qf5 Qxf5 26. Rxf5 Ne5 27. Nd4 Ng4 28. Rxd5 Ke7 29. Bg5+ f6 30. Rxe4+ Be5 31. Rxg4 Bxd4+ 32. Rgxd4 fxg5 33. Rd7+ Ke6 34. Rxh7 Rxc5 35. Rxb7 a5 36. a4 Re5 37. Kf2 g4 38. Rb6+ Kf5 39. Rb5 1-0


[Site "https://www.chess.com"]

[Event "Titled Tuesday Blitz November 01 Late 2022"]
[White "Bazeev, German"]
[Black "Rodrigues, Bruno Morado"]
[WhiteFideId "24119350"]
[BlackFideId "2115654"]
[WhiteElo "2493"]
[BlackElo "2040"]
[Result "1/2-1/2"]
[Round "01"]
[TimeControl "180+1"]
[Date "2022.11.02"]
[WhiteClock "0:00:12"]
[BlackClock "0:00:30"]

1. d4 d5 2. Nf3 Nf6 3. c4 c6 4. Qc2 e6 5. Bg5 h6 6. Bh4 Nbd7 7. Nbd2 Be7 8. e3 O-O 9. Bd3 c5 10. O-O b6 11. cxd5 Nxd5 12. Bxe7 Qxe7 13. a3 Bb7 14. Rac1 Rac8 15. Qb1 Rfd8 16. Rfd1 cxd4 17. Rxc8 Rxc8 18. Nxd4 Ne5 19. Bh7+ Kf8 20. Be4 Nf6 21. Bxb7 Qxb7 22. Rc1 Nc6 23. N2f3 Nxd4 24. Nxd4 Nd5 25. h4 Rxc1+ 26. Qxc1 Qc7 27. Qxc7 Nxc7 28. Nc6 a6 29. e4 f6 30. h5 e5 31. Nb4 Ke7 32. Kh2 Kd6 33. Nd3 Ne6 34. Kg3 Nd4 35. Kg4 a5 36. g3 Ke6 37. f4 Nb5 38. Kf3 Nd6 39. Ke3 Nc4+ 40. Kf3 1/2-1/2


[Site "https://www.chess.com"]

[Event "Titled Tuesday Blitz November 01 Late 2022"]
[White "Becerra, Juan David"]
[Black "Tang, Andrew"]
[WhiteFideId "4404998"]
[BlackFideId "2059630"]
[WhiteElo "2278"]
[BlackElo "2581"]
[Result "0-1"]
[Round "01"]
[TimeControl "180+1"]
[Date "2022.11.02"]
[WhiteClock "0:00:08"]
[BlackClock "0:00:33"]

1. e4 b5 2. Bxb5 f5 3. d3 c6 4. exf5 cxb5 5. Qh5+ g6 6. fxg6 Bg7 7. gxh7+ Kf8 8. hxg8=Q+ Kxg8 9. Qd5+ Kh7 10. Qxa8 Nc6 11. Nf3 Qc7 12. Nc3 Bb7 13. Ng5+ Kg6 14. Qxh8 Bxh8 15. O-O Nd4 16. Bd2 b4 17. Nce4 Qxc2 18. Be3 Ne2+ 19. Kh1 d5 20. Nc5 Bc8 21. d4 e5 22. f4 exf4 23. Bxf4 Bxd4 24. Nb3 Bxb2 25. Rae1 Nxf4 26. Rxf4 Kxg5 27. Ref1 Be5 28. Rf8 Bh3 29. Rg8+ Kh6 30. Rc1 Qe2 0-1


[Site "https://www.chess.com"]

[Event "Titled Tuesday Blitz November 01 Late 2022"]
[White "Beerdsen, Thomas"]
[Black "Kanyamarala, Trisha"]
[WhiteFideId "1030108"]
[BlackFideId "45004722"]
[WhiteElo "2567"]
[BlackElo "2099"]
[Result "1-0"]
[Round "01"]
[TimeControl "180+1"]
[Date "2022.11.02"]
[WhiteClock "0:01:31"]
[BlackClock "0:00:07"]

1. g4 b6 2. Bg2 c6 3. h4 d5 4. g5 e5 5. d4 e4 6. c4 Ne7 7. Nc3 Bb7 8. cxd5 cxd5 9. Bf4 a6 10. e3 Nbc6 11. Nge2 Nb4 12. Nc1 Ng6 13. Bg3 Bd6 14. h5 Ne7 15. Bxd6 Qxd6 16. a3 Nbc6 17. Qg4 Bc8 18. Qd1 h6 19. g6 fxg6 20. hxg6 Qxg6 21. Bf1 O-O 22. N1e2 Bg4 23. Qb3 Na5 24. Qa2 Bxe2 25. Bxe2 Qf7 26. O-O-O Qxf2 27. Kb1 Qxe3 28. Nxd5 Nxd5 29. Qxd5+ Kh8 30. Bh5 Rad8 31. Qe5 Nc4 32. Qc7 b5 33. Bg6 Qe2 34. Rxh6+ Kg8 35. Bh7+ Kh8 36. Bxe4+ Kg8 37. Bh7+ Kh8 38. Bd3+ Kg8 39. Bxe2 gxh6 40. Rg1+ 1-0


[Site "https://www.chess.com"]

[Event "Titled Tuesday Blitz November 01 Late 2022"]
[White "Bernat, David"]
[Black "Dilanyan, Grigor"]
[WhiteFideId "2099225"]
[BlackFideId "13303570"]
[WhiteElo "2286"]
[BlackElo "2264"]
[Result "0-1"]
[Round "01"]
[TimeControl "180+1"]
[Date "2022.11.02"]
[WhiteClock "0:00:01"]
[BlackClock "0:01:36"]

1. c4 c5 2. Nc3 Nc6 3. g3 g6 4. Bg2 Bg7 5. e4 d6 6. Nge2 Nf6 7. O-O O-O 8. d3 Ne8 9. Be3 Nc7 10. d4 cxd4 11. Nxd4 Ne6 12. Nde2 Bd7 13. Qd2 Rc8 14. Rac1 Ne5 15. b3 Ng4 16. Bxa7 b6 17. Nd5 Rc6 18. Qb4 Nd4 19. Rfe1 Nxe2+ 20. Rxe2 Bd4 21. Qd2 e5 22. b4 Qa8 23. b5 Qxa7 24. bxc6 Bxc6 25. h3 Bxd5 26. cxd5 Nf6 27. Rc6 Rd8 28. Kh2 Kg7 29. f4 b5 30. Qb4 Bg1+ 31. Kh1 Nh5 32. Qb3 exf4 33. gxf4 Nxf4 34. Re1 Bd4 35. Qf3 Be5 36. Rec1 Rd7 37. a3 Nh5 38. Rc8 Ng3+ 39. Kh2 Nxe4+ 40. Kh1 Nf2+ 41. Kg1 Nxh3+ 42. Kh1 Nf2+ 43. Kg1 Ne4+ 44. Kh1 Ng3+ 45. Kh2 Ne2+ 46. Kh1 Nxc1 47. Rxc1 Qd4 48. Rd1 Qh4+ 49. Kg1 Bd4+ 50. Kf1 Re7 51. Rd2 Re1# 0-1


[Site "https://www.chess.com"]

[Event "Titled Tuesday Blitz November 01 Late 2022"]
[White "Bersamina, Paulo"]
[Black "Sanchez, Robert"]
[WhiteFideId "5206995"]
[BlackFideId "2034360"]
[WhiteElo "2332"]
[BlackElo "2406"]
[Result "1-0"]
[Round "01"]
[TimeControl "180+1"]
[Date "2022.11.02"]
[WhiteClock "0:02:21"]
[BlackClock "0:00:53"]

1. e4 e6 2. d4 d5 3. Nc3 Nf6 4. Bg5 Be7 5. e5 Nfd7 6. h4 h6 7. Bxe7 Qxe7 8. h5 a6 9. f4 c5 10. Nf3 Nc6 11. Qd2 O-O 12. O-O-O c4 13. g4 b5 14. g5 Nb6 15. Qg2 hxg5 16. h6 g6 17. Qxg5 Qxg5 18. fxg5 Ne7 19. Bh3 Nf5 20. Bxf5 exf5 21. Ne2 Be6 22. Nf4 Kh7 23. Kd2 b4 24. a3 a5 25. axb4 axb4 26. Ra1 Rxa1 27. Rxa1 Ra8 28. Rxa8 Nxa8 29. b3 Nb6 30. Kc1 Bd7 31. Kb1 Bc8 32. Kc1 Bd7 33. Kb1 Bc8 34. Ng1 Be6 35. Kc1 Bc8 36. Kb1 Bd7 37. Nge2 Bc8 38. Ng3 Be6 39. Nge2 Bc8 40. Nc1 Be6 41. Na2 cxb3 42. cxb3 Nc8 43. Nxb4 Ne7 44. Kb2 1-0


[Site "https://www.chess.com"]

[Event "Titled Tuesday Blitz November 01 Late 2022"]
[White "Besedes, Danilo"]
[Black "Dahlgren, James Allen"]
[WhiteFideId "946796"]
[BlackFideId "22256873"]
[WhiteElo "2352"]
[BlackElo "2212"]
[Result "1/2-1/2"]
[Round "01"]
[TimeControl "180+1"]
[Date "2022.11.02"]
[WhiteClock "0:01:09"]
[BlackClock "0:00:53"]

1. d3 e6 2. e4 c5 3. Nf3 d5 4. Be2 Nf6 5. Nc3 Nc6 6. O-O Be7 7. a3 O-O 8. Bf4 a6 9. Re1 b5 10. e5 Nh5 11. Bd2 g6 12. Bh6 Ng7 13. Bf1 f5 14. exf6 Bxf6 15. Rb1 e5 16. Ne2 Bg4 17. Ng3 Nd4 18. Be2 Nxe2+ 19. Qxe2 Re8 20. h3 Be6 21. Nxe5 Bf7 22. Nxf7 Rxe2 23. Nxd8 Rxe1+ 24. Rxe1 Rxd8 25. b3 Nf5 26. Nxf5 gxf5 27. Re6 Kf7 28. Rxa6 Re8 29. Kf1 Bc3 30. g3 Re1+ 31. Kg2 Re2 32. Rb6 Bd4 33. Rxb5 Rxf2+ 34. Kh1 Rf1+ 35. Kg2 Rf2+ 36. Kh1 Rf1+ 1/2-1/2


[Site "https://www.chess.com"]

[Event "Titled Tuesday Blitz November 01 Late 2022"]
[White "Bilan, Danila"]
[Black "Bortnyk, Olexandr"]
[WhiteFideId "24161918"]
[BlackFideId "14120828"]
[WhiteElo "2203"]
[BlackElo "2723"]
[Result "0-1"]
[Round "01"]
[TimeControl "180+1"]
[Date "2022.11.01"]
[WhiteClock "0:00:03"]
[BlackClock "0:01:17"]

1. d4 d6 2. Nf3 Nf6 3. Bg5 Ne4 4. Bh4 Bf5 5. e3 c6 6. Nbd2 Nd7 7. Bd3 Nxd2 8. Qxd2 Bxd3 9. Qxd3 g6 10. O-O Bg7 11. c4 O-O 12. Rfd1 Re8 13. Rac1 Qa5 14. Qb3 Rab8 15. Bg3 b6 16. Qc3 Qxc3 17. Rxc3 c5 18. Rcc1 Rec8 19. b3 b5 20. cxb5 Rxb5 21. Nd2 Rbb8 22. dxc5 Nxc5 23. Rc2 Nd3 24. Nc4 Nb4 25. Re2 Rb5 26. e4 h5 27. f3 d5 28. exd5 Nxd5 29. Red2 Nc3 30. Rd8+ Rxd8 31. Rxd8+ Kh7 32. Rd2 a5 33. Rc2 a4 34. Nd2 Ne2+ 35. Kf1 Nd4 36. Rc7 axb3 37. axb3 Bf6 38. Ne4 Kg7 39. Nxf6 exf6 40. h3 Rxb3 41. Rc1 Rb2 42. Bf2 Nb3 43. Re1 Rc2 44. Rd1 Nd2+ 45. Kg1 Nc4 46. Rd4 Ne5 47. Rd1 g5 48. Bd4 Ng6 49. Ra1 Nf4 50. Bf2 Kg6 51. Rd1 f5 52. Rb1 f6 53. Rd1 g4 54. hxg4 fxg4 55. fxg4 hxg4 56. Bg3 Rxg2+ 57. Kh1 Rxg3 58. Rf1 Kg5 59. Kh2 Rg2+ 60. Kh1 Rd2 61. Kg1 g3 62. Kh1 Rh2+ 0-1


[Site "https://www.chess.com"]

[Event "Titled Tuesday Blitz November 01 Late 2022"]
[White "Boidiya, Sidi"]
[Black "Li, Ben"]
[WhiteFideId "19600100"]
[BlackFideId "2089980"]
[WhiteElo "2113"]
[BlackElo "2267"]
[Result "0-1"]
[Round "01"]
[TimeControl "180+1"]
[Date "2022.11.02"]
[WhiteClock "0:01:04"]
[BlackClock "0:00:41"]

1. e4 e5 2. Bc4 Nc6 3. Nf3 Bc5 4. O-O d6 5. c3 Nf6 6. d4 Bb6 7. dxe5 Nxe5 8. Nxe5 dxe5 9. Qxd8+ Kxd8 10. Bg5 Ke7 11. Nd2 c6 12. Rad1 Be6 13. Bb3 h6 14. Bh4 Rhd8 15. Bg3 Nd7 16. Nc4 Bc7 17. Ne3 g6 18. f3 Bb6 19. Bf2 a5 20. Rfe1 a4 21. Bxe6 Kxe6 22. Nc4 Bxf2+ 23. Kxf2 b5 24. Nd6 Nc5 25. Nxf7 Kxf7 26. Ke3 Ke7 27. g3 Rxd1 28. Rxd1 Rd8 29. Rf1 g5 30. h4 Ne6 31. hxg5 hxg5 32. Rh1 Rf8 33. Rh7+ Rf7 34. Rh8 Kd6 35. Rg8 Rd7 36. Rg6 Ke7 37. Rh6 Kf7 38. Rh7+ Ke8 39. Rh6 Rd6 40. Rh8+ Ke7 41. Rh7+ Kf6 42. Rh6+ Kg7 43. Rh1 Nc5 44. Rh5 Kg6 45. Rh8 Nd7 46. Rc8 Nb6 47. Re8 Nc4+ 48. Ke2 Kf7 49. Rg8 Kxg8 0-1


[Site "https://www.chess.com"]

[Event "Titled Tuesday Blitz November 01 Late 2022"]
[White "Boruchovsky, Avital"]
[Black "Przybylski, Wojciech"]
[WhiteFideId "2800055"]
[BlackFideId "1117599"]
[WhiteElo "2466"]
[BlackElo "2221"]
[Result "1-0"]
[Round "01"]
[TimeControl "180+1"]
[Date "2022.11.02"]
[WhiteClock "0:00:15"]
[BlackClock "0:00:04"]

1. d4 Nf6 2. Nf3 e6 3. b3 a5 4. a4 b6 5. e3 Bb7 6. Be2 Be7 7. O-O O-O 8. Ba3 c5 9. Nc3 Na6 10. Nb5 Ne4 11. Ne5 d6 12. Nd3 Nc7 13. Qe1 f5 14. f3 Nf6 15. dxc5 bxc5 16. Rd1 Nxb5 17. axb5 Qb6 18. Nf4 e5 19. Bc4+ Kh8 20. Ng6+ hxg6 21. Qh4+ Nh7 22. Qxe7 Rf6 23. Rd2 a4 24. bxa4 Rxa4 25. Bf7 Ra8 26. Rfd1 d5 27. Bxc5 Qd8 28. Qxd8+ Rxd8 29. Bxd5 Bxd5 30. Rxd5 Rxd5 31. Rxd5 Kg8 32. b6 Re6 33. Rd8+ Kf7 34. b7 1-0


[Site "https://www.chess.com"]

[Event "Titled Tuesday Blitz November 01 Late 2022"]
[White "Budisavljevic, Luka"]
[Black "Kamsky, Gata"]
[WhiteFideId "960047"]
[BlackFideId "2000024"]
[WhiteElo "2424"]
[BlackElo "2666"]
[Result "0-1"]
[Round "01"]
[TimeControl "180+1"]
[Date "2022.11.01"]
[WhiteClock "0:00:10"]
[BlackClock "0:00:37"]

1. c4 f5 2. d4 Nf6 3. g3 g6 4. Bg2 Bg7 5. Nf3 d6 6. O-O O-O 7. Nc3 c6 8. Re1 Na6 9. e4 fxe4 10. Nxe4 Nxe4 11. Rxe4 Bf5 12. Re1 e5 13. dxe5 dxe5 14. Qxd8 Raxd8 15. Bg5 Rde8 16. Nd2 Nb4 17. Be4 a5 18. a3 Nd3 19. Bxd3 Bxd3 20. b4 e4 21. Ra2 axb4 22. axb4 Bc3 23. Rc1 Bxb4 24. Be3 Ra8 25. Rxa8 Rxa8 26. Nb3 Ba3 27. Ra1 Bxc4 28. Nd2 Bd5 29. Bc5 Bxc5 30. Rxa8+ Kf7 31. Kf1 e3 32. fxe3 Bxe3 33. Ke2 Bd4 34. Rb8 c5 35. Nf3 Bf6 36. Rc8 Bc6 37. Rc7+ Ke6 38. Rxh7 c4 39. Ne1 c3 40. h4 Be4 41. Rc7 Be5 42. Rc8 Kd7 43. Rc4 Bd5 44. Rb4 Kc6 45. g4 b5 46. h5 g5 47. h6 Bc4+ 48. Kd1 Kc5 49. Rb1 b4 50. h7 b3 51. Ra1 c2+ 52. Nxc2 bxc2+ 53. Kxc2 Bxa1 54. Kd2 Bd4 55. Ke1 Kd6 56. h8=Q Bxh8 57. Kd1 Bd4 58. Kd2 0-1


[Site "https://www.chess.com"]

[Event "Titled Tuesday Blitz November 01 Late 2022"]
[White "Burke, Paul"]
[Black "Burcu, Cagatay"]
[WhiteFideId "2605767"]
[BlackFideId "6310630"]
[WhiteElo "1872"]
[BlackElo "2231"]
[Result "0-1"]
[Round "01"]
[TimeControl "180+1"]
[Date "2022.11.02"]
[WhiteClock "0:01:09"]
[BlackClock "0:01:56"]

1. e4 c6 2. d4 d5 3. exd5 cxd5 4. c4 Nf6 5. Nc3 g6 6. Nf3 Bg7 7. Be2 O-O 8. O-O Nc6 9. h3 Bf5 10. a3 dxc4 11. Bxc4 Rc8 12. Ba2 Ne4 13. Be3 Nxc3 14. bxc3 Na5 15. Rc1 Qd6 16. Qa4 b6 17. Qb4 Qc7 18. c4 Be4 19. Nd2 Ba8 20. c5 Qb7 21. Nf3 Nc6 22. Qa4 b5 23. Qc2 Nxd4 24. Bxd4 Bxd4 25. c6 Rxc6 26. Bd5 Rxc2 27. Bxb7 Bxf2+ 0-1


[Site "https://www.chess.com"]

[Event "Titled Tuesday Blitz November 01 Late 2022"]
[White "Cadena M, Gustavo Adolfo"]
[Black "Jimenez Fernandez, Rebeca"]
[WhiteFideId "4404815"]
[BlackFideId "32070934"]
[WhiteElo "2241"]
[BlackElo "1946"]
[Result "1-0"]
[Round "01"]
[TimeControl "180+1"]
[Date "2022.11.02"]
[WhiteClock "0:00:39"]
[BlackClock "0:00:06"]

1. d4 d5 2. c4 c6 3. Nc3 Nf6 4. Nf3 e6 5. g3 dxc4 6. Bg2 Be7 7. a4 O-O 8. O-O c5 9. Bg5 Nc6 10. dxc5 Qa5 11. Nb5 a6 12. Bd2 Qd8 13. Nd6 Bxd6 14. cxd6 Qxd6 15. Qc2 Nd4 16. Nxd4 Qxd4 17. Be3 Qe5 18. Qxc4 Qxb2 19. Rfd1 b5 20. Qc7 Nd5 21. Bxd5 exd5 22. axb5 Qxe2 23. b6 Bh3 24. Qf4 Rab8 25. Qh4 Qg4 26. Qxg4 Bxg4 27. Rxd5 Bf3 28. Rf5 Bb7 29. h4 Rbc8 30. Re5 Rc2 31. Re7 Bf3 32. Rb1 Rfc8 33. b7 Rb8 34. Bf4 Rxb7 35. Re8# 1-0


[Site "https://www.chess.com"]